 Dungeon Crawl Stone Soup version 0.15-a0-1880-g53e602b (console) character file.

120 MrRokkomies the Grasshopper (level 5, -3/45 HPs)
             Began as a Naga Warper on July 5, 2014.
             Slain by a wight
             ... wielding a +3 flail
              (7 damage)
             ... on Level 3 of the Dungeon.
             The game lasted 00:09:11 (1948 turns).

MrRokkomies the Grasshopper (Naga Warper)           Turns: 1948, Time: 00:09:11

HP  -3/45        AC  4     Str 14      XL: 5   Next:  4%
MP   5/9         EV  8     Int 14      God:
Gold 139         SH  3     Dex 10      Spells:  3 memorised,  3 levels left

rFire  . . .     SeeInvis +     a - +1 spear
rCold  . . .     Clarity  .     b - +0 leather armour
rNeg   . . .     rCorr    .     h - +0 buckler
rPois  +         rRot     .     (no helmet)
rElec  .         Spirit   .     k - +0 cloak
SustAb .         Warding  .     (no gloves)
rMut   .         Stasis   .     (no barding)
Gourm  .                        (no amulet)
MR     .....                    (no ring)
                                (no ring)

@: short of breath, very slightly contaminated, drained, very slow, not
resistant to hostile enchantments, very unstealthy
A: spit poison, see invisible, deformed body, poison resistance, slowness 2, AC
+1
a: Spit Poison


You were on level 3 of the Dungeon.
You were hungry.

You visited 1 branch of the dungeon, and saw 3 of its levels.

You collected 139 gold pieces.

Inventory:

Hand weapons
 a - a +1 spear (weapon)
Missiles
 j - 17 poisoned needles
Armour
 b - a +0 leather armour (worn)
 h - a +0 buckler (worn)
 k - a +0 cloak (worn)
Comestibles
 f - 5 bread rations
 i - 5 fruits
Books
 c - a book of Spatial Translocations

   Spells                             Type                      Level
   *Apportation                       Translocation                1
   *Blink                             Translocation                2
   *Shroud of Golubria                Charms/Translocation         2
   Portal Projectile                  Translocation                3
   Teleport Other                     Translocation                3
   Passage of Golubria                Translocation                4


   Skills:
 - Level 2.0(1.4) Fighting
 * Level 3.5(2.9) Polearms
 - Level 0.8(0.3) Throwing
 - Level 0.7(0.1) Armour
 - Level 1.5(1.0) Dodging
 - Level 2.0(1.4) Spellcasting
 + Level 4.6(4.0) Translocations


You had 3 spell levels left.
You knew the following spells:

 Your Spells              Type           Power        Failure   Level  Hunger
a - Apportation           Tloc           ##........   10%         1    ##.....
b - Blink                 Tloc           N/A          14%         2    ###....
c - Shroud of Golubria    Chrm/Tloc      #.........   30%         2    ###....


Dungeon Overview and Level Annotations

Branches:
Dungeon (3/15)

Altars:
Fedhas
Trog


Innate Abilities, Weirdness & Mutations

You cannot wear boots.
You can spit poison.
Your serpentine skin is tough (AC +1).
You have supernaturally acute eyesight.
Armour fits poorly on your strangely shaped body.
Your system is resistant to poisons.
You cover ground very slowly.


Message History

You hear a shout!
Your shroud bends the wight's attack away.
Read which item? (? for menu, Esc to quit)
Sorry, you can't target what you can't see.
Blink to where?
Press: ? - help, Dir - move target cursor You can't see that place. [Stash: a war axe] [the floor.] Are you sure you want to cancel this blink? [Y]es or [N]o only, please.
Are you sure you want to cancel this blink? [Y]es or [N]o only, please.
Are you sure you want to cancel this blink?
Blink to where?
Press: ? - help, Dir - move target cursor
As you read the scroll of blinking, it crumbles to dust.
You are very lightly contaminated with residual magic.
The wight hits you with a glowing flail!
You die...

#...# ...# ...
#######%# #
.......#.# #.#
#......# .....#..###
#.##.###z.#
#....(@z).######... .
.....######>.........
.. # #.#####..... ..
#.##....... #..
#.........###..
#..#.##........
#.............#
..######.#..#..# #...
.........##.#..###<..


You could see 2 wights.

Vanquished Creatures
  A wight (D:3)
  3 adders
  A worm (D:2)
  2 giant geckos (D:2)
  2 oozes
  An orc (D:2)
  A ball python (D:2)
  A giant cockroach (D:3)
  6 hobgoblins
  2 quokkas (D:2)
  3 bats
  3 giant newts
  6 goblins
  9 kobolds
  4 rats
45 creatures vanquished.

Notes
Turn   | Place    | Note
--------------------------------------------------------------
     0 | D:1      | MrRokkomies, the Naga Warper, began the quest for the Orb.
     0 | D:1      | Reached XP level 1. HP: 19/19 MP: 3/3
   546 | D:1      | Reached XP level 2. HP: 26/26 MP: 4/4
   550 | D:1      | Learned a level 2 spell: Blink
   553 | D:1      | Learned a level 2 spell: Shroud of Golubria
  1034 | D:2      | Found a blossoming altar of Fedhas.
  1037 | D:2      | Reached XP level 3. HP: 32/32 MP: 6/6
  1546 | D:2      | Reached skill level 4 in Translocations
  1807 | D:2      | Reached XP level 4. HP: 30/39 MP: 7/7
  1828 | D:2      | Found a bloodstained altar of Trog.
  1941 | D:3      | Reached XP level 5. HP: 12/45 MP: 1/9
  1948 | D:3      | Slain by a wight

Action                   |  1- 3 |  4- 6 || total
-------------------------+-------+-------++-------
Melee: Spear             |   168 |    40 ||   208
Throw: Tomahawk          |    35 |    10 ||    45
 Cast: Apportation       |     5 |       ||     5
       Shroud of Golubri |       |     3 ||     3
       Blink             |       |     2 ||     2
 Abil: Spit Poison       |     6 |     3 ||     9
  Use: Scroll            |     3 |     5 ||     8
       Potion            |       |     3 ||     3
